 Dungeon Crawl Stone Soup version 0.28-a0-616-gdeb3d7f7b4 (webtiles) character file.

Game seed: 6231181769133734142

112 EiAlmux the Conjurer (level 4, -8/26 HPs)
             Began as a Deep Elf Conjurer on Oct 6, 2021.
             Killed by divine providence
             ... invoked by an orc priest
              (14 damage)
             ... on level 3 of the Dungeon.
             The game lasted 00:04:58 (2142 turns).

EiAlmux the Conjurer (Deep Elf Conjurer)            Turns: 2142, Time: 00:04:58

Health: -8/26      AC:  2    Str:  4    XL:     4   Next: 64%
Magic:  0/11       EV:  7    Int: 24    God:
Gold:   123        SH:  0    Dex: 13    Spells: 7/10 levels left

rFire   . . .      SeeInvis .   k - +1 dagger (venom)
rCold   . . .      Faith    .   (no shield)
rNeg    . . .      Spirit   .   a - +0 robe
rPois   .          Reflect  .   (no helmet)
rElec   .          Harm     .   (no cloak)
rCorr   .          Rampage  .   (no gloves)
Will    .....                   (no boots)
Stlth   ++........              (no amulet)
HPRegen 0.08/turn               (no ring)
MPRegen 0.12/turn               (no ring)

@: held
A: no striking features
a: no special abilities


You were on level 3 of the Dungeon.
You visited 1 branch of the dungeon, and saw 3 of its levels.

You collected 123 gold pieces.

Inventory:

Hand Weapons
 j - a +0 dagger of holy wrath
 k - a +1 dagger of venom (weapon)
 q - a +1 vampiric war axe
Armour
 a - a +0 robe (worn)
 m - a +1 leather armour
Magical Staves
 o - a staff of air
Jewellery
 i - a ring of fire
Scrolls
 b - a scroll of teleportation {unknown}
 c - a scroll of acquirement {unknown}
 d - a scroll of enchant armour
 e - 2 scrolls of enchant weapon
 g - 2 scrolls of identify {unknown}
Potions
 f - a potion of lignification {unknown}
 h - 2 potions of haste {unknown}
 l - a potion of heal wounds {unknown}
 n - a potion of might {unknown}
 p - a potion of resistance {unknown}


   Skills:
 * Level 1.7 Fighting
 + Level 3.2 Dodging
 + Level 3.3 Stealth
 + Level 3.6 Spellcasting
 + Level 4.7 Conjurations
 + Level 1.7 Hexes


You had 7 spell levels left.
You knew the following spells:

 Your Spells              Type           Power      Damage    Failure   Level
a - Magic Dart            Conj           100%       1d8       1%          1
b - Searing Ray           Conj           54%        2d6       2%          2

Your spell library contained the following spells:

 Spells                   Type           Power      Damage    Failure   Level
 Dazzling Flash           Conj/Hex       40%        N/A       8%          3
 Fulminant Prism          Conj/Hex       10%        3d9       26%         4
 Iskenderun's Mystic Bla  Conj/Tloc      15%        2d5       36%         4


Dungeon Overview and Level Annotations

Branches:
Dungeon (3/15)

Altars:


Message History

Casting: Searing Ray (safe; 2% risk of failure)
Confirm with . or Enter, or press ? or * to list all spells.
Aiming: Searing Ray (safe; 2% risk of failure)
Press: ? - help, Shift-Dir - straight line, f - orc
Aim: an orc, wielding a +0 dagger (wandering, hasn't noticed you, 79% to hit)
The searing ray hits the gnoll!
You kill the gnoll!
The searing ray hits the gnoll.
The gnoll is moderately wounded.
The searing ray misses the orc. (Press . to maintain the ray.)
The orc shouts!
The searing ray hits the gnoll.
The gnoll is severely wounded.
The searing ray hits the orc!
You kill the orc!
An orc comes into view. It is wielding a +0 short sword.
The gnoll completely misses you.
The searing ray hits the gnoll.
You kill the gnoll!
The searing ray hits the orc priest.
The orc priest is moderately wounded.
The searing ray hits the orc priest.
The orc priest is severely wounded.
You finish channelling your searing ray.
Casting: Searing Ray (safe; 2% risk of failure)
Confirm with . or Enter, or press ? or * to list all spells.
You don't have enough magic to cast this spell.
You are too injured to fight recklessly!
Casting: Searing Ray (safe; 2% risk of failure)
Confirm with . or Enter, or press ? or * to list all spells.
Aiming: Magic Dart (safe; 1% risk of failure)
Press: ? - help, Shift-Dir - straight line, f - orc priest
Aim: an orc priest, wielding a +0 hand axe (severely wounded, 100% to hit)
The magic dart hits the orc priest.
The orc priest is severely wounded.
The orc priest calls down the wrath of Beogh upon you.
Beogh smites you!
Ouch! That really hurt!
You die...

#........# #♣♣♣♣♣≈≈P♣♣ ♣♣..>#
#.#.####.# ##.♣♣.♣..P♣ ♣.##.#
#.#.#.##.###.....♣♣≈♣♣ ##.##.#
#.#....#.##......♣P.♣♣##...#.###
#.>....|..'......♣♣.≈♣..........
#.#....#.##.........#.##...#.###
#.##..##.###.......##.##..##.#
#.##.###.# ##.....###.##.###.#
#..... ..# ##.@.## #........#
###..##### ##'## ####.##### #
#.## #o# #.# # #. #)# #.# # #o#
#.# # ... #.# # ... #.# ... #.#


You could see an orc priest and an orc.

Vanquished Creatures
  7 gnolls (D:3)
  A dart slug (D:2)
  A worm (D:3)
  An orc (D:3)
  4 ball pythons
  4 endoplasms
  A giant cockroach (D:1)
  4 goblins
  4 hobgoblins
  4 kobolds
  2 quokkas (D:1)
  A bat (D:2)
  3 frilled lizards (D:2)
  3 rats
40 creatures vanquished.

Vanquished Creatures (others)
  3 withered plants (D:2)
3 creatures vanquished.

Grand Total: 43 creatures vanquished

Notes
Turn   | Place    | Note
-------+----------+-------------------------------------------
     0 | D:1      | EiAlmux the Deep Elf Conjurer began the quest for the Orb.
     0 | D:1      | Reached XP level 1. HP: 10/10 MP: 6/6
   436 | D:1      | Reached XP level 2. HP: 16/16 MP: 2/8
   497 | D:1      | Learned a level 2 spell: Searing Ray
   804 | D:2      | Found a faded altar of an unknown god.
   872 | D:2      | Reached skill level 1 in Fighting
  1155 | D:2      | Reached skill level 1 in Hexes
  1180 | D:2      | Reached XP level 3. HP: 20/20 MP: 7/9
  2051 | D:3      | Reached XP level 4. HP: 25/25 MP: 3/11
  2142 | D:3      | Killed from afar by an orc priest

Illustrated notes

Levels and vault maps discovered:
D:1:      eino_arrival_druids_welcome, layout_basic
D:2:      layout_basic, ebering_ecumenical_altar_petrified
D:3:      minmay_door_path, layout_loops_corners, serial_bayou,
          serial_bayou_lake_a, serial_bayou_pond_e, serial_bayou_lagoon_b,
          serial_bayou_crossing, uniq_robin

Skill      XL: |  1  2  3 |
---------------+----------+-----
Fighting       | 1 |  1.7
Hexes          | 1 |  1.7
Stealth        | 3 |  3.3
Dodging        | 3 |  3.2
Spellcasting   | |  3.6
Conjurations   | |  4.7

Action                   |  1- 3 |  4- 6 || total
-------------------------+-------+-------++-------
 Cast: Magic Dart        |    62 |     2 ||    64
       Searing Ray       |     1 |     2 ||     3
  Use: Scroll            |     2 |       ||     2
Armor: Robe              |     1 |       ||     1
Dodge: Dodged            |     8 |     1 ||     9

Table legend: (Time is in decaauts)
 A = Elapsed time spent in this place.
 B = Non-inter-level travel time spent in this place.
 C = Inter-level travel time spent in this place.
 D = Time resting spent in this place.
 E = Time spent auto-exploring this place.
 F = Levels seen in this place.
 G = Mean time per level.
                   A        B        C        D        E       F      G
               +--------+--------+--------+--------+--------+-----+--------+
         Total |   2145 |   2066 |     79 |    115 |   1756 |   3 |  715.0 |
       Dungeon |   2145 |   2066 |     79 |    115 |   1756 |   3 |  715.0 |
               +--------+--------+--------+--------+--------+-----+--------+

Top non-repeatable levels by time:
     D:2: 1049 daAuts
     D:1: 739 daAuts
     D:3: 357 daAuts
